AoeStats
← Bassman

MegaRandom

509477024Analyzed
3v3 RM · 6d ago on Sep 26, 2026· 38m 52s· 6 players
Game mode
Random Map
Map size
Normal (6 player)
Population
200
Speed
Normal
Resources
Standard
Victory
Conquest
Starting age
Dark Age
Ending age
Imperial Age
RankedLock teamsTeams togetherTeam positionsShared explorationLock speedFull tech treeHidden civsTurbo modeCheats
Victory
Defeat
🇺🇸 Mongols · United States
1043
+13
🇺🇸 Magyars · United States
1031
+13
🇲🇽 Bohemians · Mexico
950
+26
🇫🇴 Danes · Faroe Islands
976
-15
🇫🇴 Varangians · Faroe Islands
976
-14
🇫🇴 Sicilians · Faroe Islands
950
-34
Rógv1 B0NG
4:48 Loom
13:11 Feudal Age
13:41 Horse Collar
13:49 Double-Bit Axe
20:10 Wheelbarrow
20:57 Town Watch
23:35 Castle Age
23:33 Arson
23:52 Scale Mail Armor
25:43 Fletching
36:46 Forging
38:32 Chain Mail Armor
KIDSPANKER 4000
14:03 Feudal Age
Bassman
7:30 Loom
10:42 Feudal Age
12:21 Wheelbarrow
11:37 Double-Bit Axe
16:43 Loom
20:27 Castle Age
22:57 Forging
23:34 Horse Collar
25:03 Stone Mining
27:14 Hand Cart
29:43 Bow Saw
29:37 Pikeman
31:33 Elite Skirmisher
32:19 Scale Mail Armor
BenderCharls
3:39 Loom
13:00 Feudal Age
26:37 Castle Age
33:26 Husbandry
32:48 Light Cavalry
33:40 Scale Barding Armor
33:46 Forging
33:37 Scale Mail Armor
33:21 Horse Collar
33:27 Double-Bit Axe
34:22 Wheelbarrow
36:15 Hand Cart
TrampyFlounder
4:09 Loom
10:36 Feudal Age
19:36 Castle Age
18:45 Double-Bit Axe
19:54 Fletching
20:36 Husbandry
21:24 Gold Mining
22:49 Thumb Ring
23:58 Wheelbarrow
29:52 Bodkin Arrow
31:23 Stone Mining
32:35 Ballistics
32:49 Bow Saw
33:25 Stone Shaft Mining
32:52 Padded Archer Armor
39:16 Imperial Age
37:01 Town Watch
37:12 Horse Collar
UndueMarker5275
5:29 Loom
11:22 Feudal Age
19:33 Double-Bit Axe
22:18 Horse Collar
23:05 Scale Barding Armor
25:07 Castle Age
25:37 Bloodlines
25:37 Light Cavalry
26:18 Husbandry
27:41 Bow Saw
28:22 Fletching
33:13 Corvinian Army
33:40 Chain Barding Armor
33:16 Bodkin Arrow
36:51 Wheelbarrow
36:48 Ballistics
37:02 Padded Archer Armor
Connection lost

Rejoining the realm…

Still unreachable

The connection could not be restored.

Session expired

The server has moved on; the page needs a fresh start.